 Dungeon Crawl Stone Soup version 0.29-a0-477-g62b78b4225 (webtiles) character file.

Game seed: 10005242776374078439

70 Infinimo the Cudgeller (level 4, -7/35 HPs)
             Began as a Demonspawn Gladiator on May 24, 2022.
             Mangled by a river rat (8 damage)
             ... on level 2 of the Dungeon.
             The game lasted 00:01:52 (2426 turns).

Infinimo the Cudgeller (Demonspawn Gladiator)       Turns: 2426, Time: 00:01:53

Health: -7/35      AC:  6    Str: 14    XL:     4   Next: 3%
Magic:  4/4        EV: 12    Int: 12    God:
Gold:   80         SH:  0    Dex: 14    Spells: 3/3 levels left

rFire   + . .      SeeInvis .   a - +0 flail
rCold   + . .      Faith    .   (no shield)
rNeg    . . .      Spirit   .   b - +0 leather armour
rPois   +          Reflect  .   c - +0 helmet
rElec   +          Harm     .   (no cloak)
rCorr   +          Rampage  .   (no gloves)
Will    .....                   (no boots)
Stlth   +.........              (no amulet)
HPRegen 0.00/turn               (no ring)
MPRegen 0.09/turn               (no ring)

@: resistant, inhibited regen
A: rugged brown scales 2, claws 1, talons 1, inhibited regeneration, wild magic
1
a: no special abilities


You were on level 2 of the Dungeon.
You visited 1 branch of the dungeon, and saw 3 of its levels.

You collected 80 gold pieces.

Inventory:

Hand Weapons
 a - a +0 flail (weapon)
Missiles
 d - 3 throwing nets (quivered)
 e - a javelin
Armour
 b - a +0 leather armour (worn)
 c - a +0 helmet (worn)
Jewellery
 g - a +6 ring of intelligence
 l - an amulet of reflection
Scrolls
 h - a scroll of teleportation {unknown}
 i - 2 scrolls of blinking {unknown}
 k - a scroll of identify {unknown}
 m - a scroll of magic mapping {unknown}
 p - a scroll of amnesia {unknown}
 q - a scroll of enchant weapon {unknown}
 r - a scroll of fog {unknown}
 s - a scroll of vulnerability {unknown}
Potions
 f - a potion of cancellation
 j - a potion of flight


   Skills:
 + Level 2.7 Fighting
 * Level 3.7 Maces & Flails
 - Level 1.7 Throwing
 + Level 3.2 Dodging


You had 3 spell levels left.
You didn't know any spells.
Your spell library contained the following spells:

 Spells                   Type           Power      Damage    Failure   Level
 Blink                    Tloc           0%         N/A       63%         2
 Manifold Assault         Tloc           0%         N/A       100%        5
 Storm Form               Tmut/Air       0%         N/A       100%        7


Dungeon Overview and Level Annotations

Branches:
Dungeon (3/15)

Altars:


Innate Abilities, Weirdness & Mutations

You are mostly covered in rugged brown scales. (AC +2, +5% HP)
You have sharp fingernails.
You have sharp toenails.
You do not regenerate when monsters are visible.
Your spells are a little harder to cast, but a little more powerful.


Message History

You kill the ball python!
No target in view!
HP restored.
Done exploring.
You climb downwards.
You hear the sound of rushing water.
There is an entrance to a sewer on this level.
Hurry and find it before the portal rusts away!
The worm bites you!
There is a stone staircase leading up, spattered with blood here.
You climb upwards.
There is a stone staircase leading down here.
The river rat bites you.
You claw the worm.
The worm is severely wounded.
The worm is severely wounded.
The river rat bites you.
The worm is severely wounded.
The river rat bites you!
* * * LOW HITPOINT WARNING * * *
You sock the worm!
You kill the worm!
You have reached level 4!
You feel clever.
It was a potion of resistance.
You feel protected.
You claw the river rat, but do no damage.
You claw the river rat.
The river rat is moderately wounded.
The river rat is almost dead.
The river rat bites you.
* * * LOW HITPOINT WARNING * * *
The river rat is almost dead.
The river rat bites you.
* * * LOW HITPOINT WARNING * * *
The river rat is almost dead.
The river rat bites you.
* * * LOW HITPOINT WARNING * * *
The river rat is almost dead.
The river rat bites you!
You die...

#.# #.###.#.##.##.##.#
#.# #.....#.##.##.##.#
#.# #######.##.##.##.#
#.# #.##.##.##.#
#.###########.##.##.##.#
#...(.........##.##....#
################.##..###
# #r##..# # #@##..#
######### #.##).#
........###### #.##..##
.............###.#....#
...####.#........#.).##
##.# #.#........#..##
#.# ##.#........#..#
#.###...........#..#
#......#.......##..#


You could see a river rat.

Vanquished Creatures
  An adder (D:2)
  A worm (D:2)
  3 dart slugs
  3 endoplasms (D:1)
  3 giant cockroaches
  8 goblins
  3 hobgoblins
  7 jackals (D:1)
  3 kobolds (D:2)
  5 ball pythons
  2 bats
  2 frilled lizards
  5 rats (D:1)
46 creatures vanquished.

Notes
Turn   | Place    | Note
-------+----------+-------------------------------------------
     0 | D:1      | Infinimo the Demonspawn Gladiator began the quest for the
                  | Orb.
     0 | D:1      | Reached XP level 1. HP: 16/16 MP: 1/1
   173 | D:1      | Gained mutation: You are partially covered in rugged brown
                  | scales. (AC +1, +3% HP) [demonic ancestry]
   173 | D:1      | Reached XP level 2. HP: 4/22 MP: 2/2
   972 | D:1      | Gained mutation: You are mostly covered in rugged brown
                  | scales. (AC +2, +5% HP) [demonic ancestry]
   972 | D:1      | Reached XP level 3. HP: 15/29 MP: 3/3
  1426 | D:1      | Found a faded altar of an unknown god.
  1807 | D:2      | Gained mutation: You do not regenerate when monsters are
                  | visible. [potion of mutation]
  1807 | D:2      | Gained mutation: You have sharp fingernails. [potion of
                  | mutation]
  1807 | D:2      | Gained mutation: Your spells are a little harder to cast,
                  | but a little more powerful. [potion of mutation]
  1807 | D:2      | Gained mutation: You have sharp toenails. [potion of
                  | mutation]
  2419 | D:2      | Reached XP level 4. HP: 9/35 MP: 4/4
  2425 | D:2      | HP: 1/35 [river rat (5)]
  2426 | D:2      | Mangled by a river rat

Illustrated notes

Levels and vault maps discovered:
D:1:      minmay_arrival_up_and_down, layout_basic,
          shapermc_ecumenical_altar_mp_vishouse, minmay_pentomino_q2
D:2:      layout_loops_ring
D:3:      layout_rooms, zin_academy, mainiacjoe_overflow_paths,
          mainiacjoe_overflow_large_starburst, portal_sewer_entry_b,
          kennysheep_generic_room_7, uniq_natasha

Skill      XL: |  1  2 |
---------------+-------+-----
Maces & Flails | 3 |  3.7
Dodging        | 3 |  3.2
Fighting       | |  2.7
Throwing       | |  1.7

Action                   |  1- 3 |  4- 6 || total
-------------------------+-------+-------++-------
Melee: Flail             |   127 |     7 ||   134
       Kick              |     2 |     2 ||     4
  Use: Potion            |     6 |     1 ||     7
 Stab: Sleeping          |     1 |       ||     1
Armor: Leather armour    |    47 |       ||    47
Dodge: Dodged            |   138 |     5 ||   143

Table legend: (Time is in decaauts)
 A = Elapsed time spent in this place.
 B = Non-inter-level travel time spent in this place.
 C = Inter-level travel time spent in this place.
 D = Time resting spent in this place.
 E = Time spent auto-exploring this place.
 F = Levels seen in this place.
 G = Mean time per level.
                   A        B        C        D        E       F      G
               +--------+--------+--------+--------+--------+-----+--------+
         Total |   2458 |   2414 |     44 |      0 |   2105 |   3 |  819.3 |
       Dungeon |   2458 |   2414 |     44 |      0 |   2105 |   3 |  819.3 |
               +--------+--------+--------+--------+--------+-----+--------+

Top non-repeatable levels by time:
     D:1: 1605 daAuts
     D:2: 844 daAuts
     D:3: 8 daAuts
